 Dungeon Sprint DCSS version 0.16-a0-3472-g5ce0ac0 (webtiles) character file.

465 BluebellGnoll the Thaumaturge (level 6, 0/32 HPs)
             Began as a Deep Elf Fire Elementalist on Jan 3, 2015.
             Was a Believer of Vehumet.
             Slain by a komodo dragon (14 damage)
             ... in the Dungeon (Sprint IX: "|||||||||||||||||||||||||||||").
             The game lasted 00:05:14 (807 turns).

BluebellGnoll the Thaumaturge (DEFE)                 Turns: 807, Time: 00:05:15

Health: 0/32       AC:  4    Str:  5    XL:     6   Next: 80%
Magic:  24/29      EV: 15    Int: 25    God:    Vehumet [**....]
Gold:   0          SH:  0    Dex: 15    Spells: 7 memorised, 15 levels left

rFire  . . .     SeeInvis .     q - +2 scimitar (holy)
rCold  . . .     Clarity  .     a - +0 robe
rNeg   . . .     SustAb   .     (no shield)
rPois  .         Gourm    .     (no helmet)
rElec  .         Spirit   .     (no cloak)
rCorr  .         Warding  .     f - +0 pair of gloves
rMut   .         NoTele   +     j - +0 pair of boots
MR     .....                    (no amulet)
Stlth  ++........               s - +3 ring of intelligence
                                r - +2 ring of evasion

@: not resistant to hostile enchantments, unstealthy
A: no striking features
a: Renounce Religion


You were in the Dungeon.
You worshipped Vehumet.
Vehumet was pleased with you.
You were hungry.

You visited 1 branch

Inventory:

Hand weapons
 p - a +2 rapier of electrocution
 q - a +2 scimitar of holy wrath (weapon)
 t - a +1 dagger of protection
 u - a +2 halberd of venom
 v - a +2 morningstar of protection
 w - a +4 quarterstaff of speed
 x - a +3 war axe of freezing
Armour
 a - a +0 robe (worn)
 f - a +0 pair of gloves (worn)
 j - a +0 pair of boots (worn)
Magical staves
 o - an uncursed staff of energy
Jewellery
 r - a +2 ring of evasion (left hand)
 s - a +3 ring of intelligence (right hand)
Magical devices
 n - a wand of fire (2)
Scrolls
 i - 2 scrolls of blinking
 l - 3 scrolls of remove curse
 m - 2 scrolls of amnesia
Potions
 d - 5 potions of curing
 e - 3 potions of heal wounds
 g - 4 potions of magic
 k - a potion of invisibility
Books
 b - a book of Flames

   Spells                             Type                      Level
   a - Flame Tongue                   Conjuration/Fire             1
   b - Throw Flame                    Conjuration/Fire             2
   c - Conjure Flame                  Conjuration/Fire             3
   d - Inner Flame                    Hexes/Fire                   3
   e - Sticky Flame                   Conjuration/Fire             4
   f - Fireball                       Conjuration/Fire             5
Comestibles
 c - a bread ration


   Skills:
 - Level 2.4 Dodging
 - Level 2.4 Stealth
 + Level 14.5 Spellcasting
 - Level 5.1 Conjurations
 - Level 9.0 Fire Magic


You had 15 spell levels left.
You knew the following spells:

 Your Spells              Type           Power        Failure   Level  Hunger
a - Flame Tongue          Conj/Fire      #####        1%          1    None
b - Throw Flame           Conj/Fire      ######       1%          2    None
c - Conjure Flame         Conj/Fire      ######..     1%          3    None
d - Inner Flame           Hex/Fire       #####...     1%          3    None
e - Sticky Flame          Conj/Fire      ######..     1%          4    None
f - Fireball              Conj/Fire      ######....   6%          5    ##.....
h - Freeze                Ice            ###.         3%          1    None


Dungeon Overview and Level Annotations

Branches:
Dungeon (1/1)

Altars:
Cheibriados
Dithmenos
Elyvilon
Fedhas
Gozag
Kikubaaqudgha
Makhleb
Nemelex Xobeh
Okawaru
Qazlal
Ru
Sif Muna
Trog
Vehumet
Xom
Yredelemnul
Zin
The Shining One
Beogh
Jiyva
Lugonu


Message History

Aim: a komodo dragon (moderately wounded)
The bolt of fire misses the komodo dragon.
The bolt of fire hits the deep elf mage.
You kill the deep elf mage!
Vehumet accepts your kill.
Vehumet offers you knowledge of Throw Frost.
Your Spellcasting skill gained 4 levels and is now at level 13!
You have reached level 6!
Your experience leads to an increase in your attributes!
Your base attributes are Str 5, Int 21, Dex 15.
Increase (S)trength, (I)ntelligence, or (D)exterity?
You feel clever.
The bolt of fire hits the soldier ant.
You kill the soldier ant!
Vehumet accepts your kill.
You feel your power returning.
Your Spellcasting skill increases to level 14!
The bolt of fire misses the iguana.
This wand has 2 charges left.
The komodo dragon bites you!
You die...

▓.▓
▓.▓
▓'▓
▓)▓
▓.▓
▓.▓
▓.▓
▓.▓
▓@▓
▓l▓
▓)▓
▓.▓
▓.▓
▓l▓
▓.▓
▓e▓
▓+▓


You could see a komodo dragon, a deep elf mage and an iguana.

Vanquished Creatures
  A deep elf mage (D)
  A soldier ant (D)
  An eye of draining (D)
  A giant frog (D)
  A crimson imp (D)
  2 adders (D)
  A giant mite (D)
  A giant gecko (D)
  A bat (D)
  2 goblins (D)
  4 hobgoblins (D)
  A giant cockroach (D)
  2 rats (D)
19 creatures vanquished.

Notes
Turn   | Place    | Note
--------------------------------------------------------------
     0 | D        | BluebellGnoll, the Deep Elf Fire Elementalist, began the quest for the Orb.
     0 | D        | Reached XP level 1. HP: 10/10 MP: 5/5
     8 | D        | Reached skill level 4 in Spellcasting
    28 | D        | Reached skill level 5 in Spellcasting
   351 | D        | Reached skill level 6 in Spellcasting
   351 | D        | Reached XP level 2. HP: 15/15 MP: 10/12
   352 | D        | Reached skill level 7 in Spellcasting
   375 | D        | Found a glowing silver altar of Zin.
   375 | D        | Found a glowing golden altar of the Shining One.
   375 | D        | Found an ancient bone altar of Kikubaaqudgha.
   375 | D        | Found a basalt altar of Yredelemnul.
   375 | D        | Found a shimmering altar of Xom.
   375 | D        | Found a radiant altar of Vehumet.
   375 | D        | Found an iron altar of Okawaru.
   376 | D        | Found a burning altar of Makhleb.
   377 | D        | Found a deep blue altar of Sif Muna.
   378 | D        | Found a bloodstained altar of Trog.
   379 | D        | Found a sparkling altar of Nemelex Xobeh.
   380 | D        | Found a white marble altar of Elyvilon.
   381 | D        | Found a roughly hewn altar of Beogh.
   382 | D        | Found a viscous altar of Jiyva.
   383 | D        | Became a worshipper of Vehumet
   384 | D        | Found a corrupted altar of Lugonu.
   385 | D        | Found a blossoming altar of Fedhas.
   386 | D        | Found a snail-covered altar of Cheibriados.
   387 | D        | Found a shadowy altar of Dithmenos.
   388 | D        | Found a stormy altar of Qazlal.
   389 | D        | Found an opulent altar of Gozag.
   390 | D        | Found a sacrificial altar of Ru.
   439 | D        | Learned a level 2 spell: Throw Flame
   453 | D        | Noticed a crimson imp
   453 | D        | Noticed an eye of draining
   458 | D        | Acquired Vehumet's first power
   458 | D        | Offered knowledge of Freeze by Vehumet.
   458 | D        | Reached XP level 3. HP: 19/19 MP: 12/17
   485 | D        | Killed an eye of draining
   485 | D        | Reached skill level 8 in Fire Magic
   485 | D        | Reached XP level 4. HP: 12/24 MP: 0/20
   512 | D        | Learned a level 1 spell: Freeze
   532 | D        | Killed a crimson imp
   532 | D        | Offered knowledge of Sting by Vehumet.
   532 | D        | Reached skill level 5 in Conjurations
   532 | D        | Reached skill level 9 in Fire Magic
   532 | D        | Reached XP level 5. HP: 4/28 MP: 11/22
   789 | D        | Learned a level 3 spell: Conjure Flame
   793 | D        | Learned a level 3 spell: Inner Flame
   798 | D        | Learned a level 4 spell: Sticky Flame
   804 | D        | Learned a level 5 spell: Fireball
   804 | D        | Noticed a giant frog
   804 | D        | Noticed a komodo dragon
   804 | D        | Noticed a deep elf mage
   804 | D        | Noticed a soldier ant
   804 | D        | Noticed an iguana
   804 | D        | Noticed a deep elf mage
   805 | D        | Killed a giant frog
   807 | D        | Killed a deep elf mage
   807 | D        | Offered knowledge of Throw Frost by Vehumet.
   807 | D        | Reached skill level 13 in Spellcasting
   807 | D        | Reached XP level 6. HP: 14/32 MP: 22/28
   807 | D        | Killed a soldier ant
   807 | D        | Reached skill level 14 in Spellcasting
   807 | D        | Slain by a komodo dragon

Action                   |  1- 3 |  4- 6 || total
-------------------------+-------+-------++-------
Melee: Club              |    39 |       ||    39
       Scimitar          |    21 |    10 ||    31
       Staff             |       |     1 ||     1
 Cast: Flame Tongue      |    14 |       ||    14
       Freeze            |       |     3 ||     3
Evoke: Wand              |     2 |     3 ||     5
       Staff of energy   |       |     2 ||     2
  Use: Potion            |     2 |       ||     2
